 Dungeon Crawl Stone Soup version 0.29.0-13-gc9e81de378 (webtiles) character file.

Game seed: 5034125944144812836

371267 Zonian the Slayer (level 21, -16/186 HPs)
             Began as a Demonspawn Gladiator on Sept 5, 2022.
             Was a High Priest of Qazlal.
             Killed from afar by a tengu reaver (38 damage)
             ... with a bolt of acid
             ... on level 5 of the Vaults on Sept 9, 2022.
             The game lasted 04:05:55 (62866 turns).

Zonian the Slayer (Demonspawn Gladiator)           Turns: 62866, Time: 04:05:55

Health: -16/186    AC: 19    Str: 27    XL:     21   Next: 70%
Magic:  0/34       EV: 19    Int: 10    God:    Qazlal [*****.]
Gold:   1530       SH: 16    Dex: 19    Spells: 30/36 levels left

rFire   . . .      SeeInvis +   o - +6 trident (flame)
rCold   + . .      Faith    .   z - +3 buckler {AC+3}
rNeg    + . .      Spirit   +   M - +2 leather armour of Makhleb's Castigation {rC+ Will+ Dex+3 SInv}
rPois   .          Reflect  .   (helmet unavailable)
rElec   .          Harm     .   (cloak unavailable)
rCorr   .          Rampage  +   (gloves unavailable)
Will    ++...      Rage     3%  k - +2 pair of boots {rampage}
Stlth   +.........              f - amulet of regeneration
HPRegen 1.21/turn               y - +4 ring of protection
MPRegen 0.48/turn               G - ring "Ypeb" {rN+ Str+6 Int-3 Slay+3}

@: protected from physical damage, repel missiles
A: horns 3, foul stench 2, magic shield, magic regeneration, black mark,
bedeviling, weakness stinger 3, demonic touch 3, berserk 1
}: 2/15 runes: decaying, gossamer
a: Renounce Religion, Upheaval, Elemental Force, Disaster Area


You were on level 5 of the Vaults.
You worshipped Qazlal.
Qazlal was extremely pleased with you.
You visited 8 branches of the dungeon, and saw 39 of its levels.
You visited the Abyss 1 time.
You also visited: Bailey.

You collected 5047 gold pieces.
You spent 3517 gold pieces at shops.

Inventory:

Hand Weapons
 b - the +3 greatsling "Punk" {acid, rCorr}
   (You bought it in a shop on level 1 of the Elven Halls)

   Any ammunition fired from it is coated in acid, damaging and corroding those
   it strikes.
   rCorr:     It protects you from acid and corrosion.
 o - a +6 trident of flaming (weapon)
 A - a +5 demon trident of venom
Missiles
 d - 3 throwing nets
 e - 9 javelins
 p - 22 atropa-tipped darts
 r - 50 poisoned darts (quivered)
 V - 18 curare-tipped darts
Armour
 k - a +2 pair of boots of rampaging (worn)
 z - a +3 buckler of protection (worn)
 M - the +2 leather armour of Makhleb's Castigation (worn) {rC+ Will+ Dex+3 SInv}
   (You bought it in a shop on level 2 of the Orcish Mines)

   Dex:       It affects your dexterity (+3).
   rC:        It protects you from cold.
   SInv:      It lets you see invisible.
   Will:      It increases your willpower.
Jewellery
 f - an amulet of regeneration (around neck)
 t - a +4 ring of slaying
 y - a +4 ring of protection (left hand)
 G - the ring "Ypeb" (right hand) {rN+ Str+6 Int-3 Slay+3}
   (You bought it in a shop on level 2 of the Elven Halls)

   [ring of positive energy]

   Str:       It affects your strength (+6).
   Int:       It affects your intelligence (-3).
   Slay:      It affects your accuracy & damage with ranged weapons and melee
   (+3).
   rN:        It protects you from negative energy.
Wands
 h - a wand of paralysis (38)
 v - a wand of flame (54)
 N - a wand of quicksilver (12)
 P - a wand of mindburst (3)
 Q - a wand of polymorph (20)
 U - a wand of roots (12)
Scrolls
 a - 8 scrolls of poison
 c - a scroll of silence
 l - a scroll of butterflies
 u - a scroll of fear
 x - 9 scrolls of magic mapping
 T - 19 scrolls of identify
Potions
 i - 3 potions of brilliance
 q - 6 potions of curing
 s - 2 potions of might
 D - a potion of invisibility
 K - a potion of haste
 O - 3 potions of ambrosia
 S - 5 potions of lignification
 W - 3 potions of flight
 X - 2 potions of resistance
Miscellaneous
 w - a tin of tremorstones (2/2)
 B - a phantom mirror
 F - a condenser vane (inert)
 H - a lightning rod (1/4)
 Z - a box of beasts


   Skills:
 - Level 21.1 Fighting
 - Level 14.0 Polearms
 - Level 14.0 Ranged Weapons
 - Level 7.8 Throwing
 - Level 6.6 Armour
 - Level 12.0 Dodging
 - Level 6.0 Shields
 - Level 8.0 Spellcasting
 - Level 4.0 Conjurations
 - Level 12.0 Necromancy
 + Level 19.4 Invocations
 - Level 8.0 Evocations


You had 30 spell levels left.
You knew the following spells:

 Your Spells              Type           Power      Damage    Failure   Level
a - Searing Ray           Conj           24%        2d5       7%          2
b - Dispel Undead         Necr           28%        3d13      1%          4

Your spell library contained the following spells:

 Spells                   Type           Power      Damage    Failure   Level
 Sublimation of Blood     Necr           28%        N/A       1%          2
 Magic Dart               Conj           48%        1d5       4%          1
 Foxfire                  Conj/Fire      32%        2x1d5     11%         1
 Static Discharge         Conj/Air       8%         3-4/arc   16%         2
 Anguish                  Hex/Necr       12%        N/A       21%         4
 Apportation              Tloc           8%         N/A       24%         1
 Beastly Appendage        Tmut           8%         N/A       24%         1
 Sting                    Tmut/Pois      16%        1d3       24%         1
 Death Channel            Necr           14%        N/A       26%         6
 Conjure Flame            Conj/Fire      8%         6-21      30%         3
 Dazzling Flash           Conj/Hex       24%        N/A       30%         3
 Ensorcelled Hibernation  Hex/Ice        12%        N/A       34%         2
 Poisonous Vapours        Pois/Air       8%         N/A       34%         2
 Scorch                   Fire           8%         2d5       34%         2
 Mephitic Cloud           Conj/Pois/Air  6%         N/A       38%         3
 Corpse Rot               Necr/Pois/Air  12%        N/A       41%         4
 Gell's Gravitas          Tloc           4%         N/A       56%         3
 Ignite Poison            Fire/Tmut/Pois 4%         N/A       56%         3
 Lesser Beckoning         Tloc           4%         N/A       56%         3
 Ozocubu's Armour         Ice            4%         N/A       56%         3
 Portal Projectile        Hex/Tloc       12%        N/A       56%         3
 Spider Form              Tmut/Pois      4%         N/A       56%         3
 Summon Guardian Golem    Hex/Summ       6%         N/A       56%         3
 Teleport Other           Tloc           4%         N/A       56%         3
 Tukima's Dance           Hex            6%         N/A       56%         3
 Fulminant Prism          Conj/Hex       6%         3d7       71%         4
 Iskenderun's Mystic Bla  Conj/Tloc      8%         2d4       71%         4
 Sticky Flame             Conj/Fire      8%         2d3       71%         4
 Iskenderun's Battlesphe  Conj           12%        2d7       77%         5
 Olgreb's Toxic Radiance  Pois           4%         N/A       93%         4
 Passage of Golubria      Tloc           4%         N/A       93%         4
 Petrify                  Tmut/Erth      4%         N/A       93%         4
 Summon Lightning Spire   Summ/Air       4%         N/A       93%         4
 Fireball                 Conj/Fire      4%         3d4       96%         5
 Irradiate                Conj/Tmut      4%         3d13      96%         5
 Lightning Bolt           Conj/Air       4%         1d15      96%         5
 Alistair's Intoxication  Tmut/Pois      2%         N/A       100%        5
 Blade Hands              Tmut           2%         N/A       100%        5
 Lee's Rapid Deconstruct  Erth           2%         3d5*      100%        5
 Metabolic Englaciation   Hex/Ice        3%         N/A       100%        5
 Yara's Violent Unravell  Hex/Tmut       3%         3d4       100%        5
 Conjure Ball Lightning   Conj/Air       4%         3x3d6     100%        6
 Dispersal                Tloc           2%         N/A       100%        6
 Iron Shot                Conj/Erth      4%         9d2       100%        6
 Starburst                Conj/Fire      4%         6d3       100%        6
 Statue Form              Tmut/Erth      2%         N/A       100%        6
 Dragon Form              Tmut           2%         N/A       100%        7
 Orb of Destruction       Conj           6%         9d6       100%        7
 Ozocubu's Refrigeration  Ice            2%         4d7       100%        7
 Spellforged Servitor     Conj/Summ      4%         N/A       100%        7
 Storm Form               Tmut/Air       2%         N/A       100%        7
 Lehudib's Crystal Spear  Conj/Erth      4%         10d3      100%        8
 Maxwell's Capacitive Co  Air            2%         ∞         100%        8
 Fire Storm               Conj/Fire      4%         8d1       100%        9


Dungeon Overview and Level Annotations

Branches:
Dungeon (15/15)            Temple (1/1) D:7            Lair (5/5) D:10
  Swamp (4/4) Lair:3       Spider (4/4) Lair:2        Slime (0/5) Lair:5
    Orc (2/2) D:9             Elf (3/3) Orc:2        Vaults (5/5) D:13
  Crypt (0/3) Vaults:3     Depths (0/4) D:15         Bailey (visited)

Altars:
Ashenzari
Cheibriados
Dithmenos
Fedhas
Gozag
Hepliaklqana
Kikubaaqudgha
Makhleb
Nemelex Xobeh
Okawaru
Qazlal
Ru
Sif Muna
Trog
Uskayaw
Vehumet
Wu Jian
Xom
Yredelemnul

Shops:
D:8 (   D:14 :   Orc:2 *([=   Elf:1 (   Elf:2 =   Elf:3 *   Vaults:1 *
Vaults:3 (([   Vaults:4 *

Portals:
Hell: Lair:5
Trove: D:11 (give 5 scrolls of fear)

Annotations:
D:3 1 runed translucent door, Crazy Yiuf
D:15 Roxanne
Lair:4 2 transporters, Tollund's ghost, journeyman PaFi
Swamp:4 3 runed translucent doors, Zatibaps's ghost, journeyman FeVM
Elf:2 3 runed translucent doors
Vaults:5 Boris


Innate Abilities, Weirdness & Mutations

You have a pair of large horns on your head.
You sometimes emit foul miasma when damaged in melee.
When hurt, damage is shared between your health and your magic reserves.
You regenerate magic rapidly.
Your melee attacks may debilitate your foes.
Your hexes are more powerful.
You have a sharp stinger which inflicts weakening toxins.
Your touch may irresistibly damage your foes and sap their willpower.
You sometimes lose your temper in combat.


Message History

Unknown command.
You rampage towards the tengu reaver!
Found a scroll of teleportation.
The vault guard shouts!
You impale the tengu reaver!! You burn the tengu reaver.
Your headbutt misses the tengu reaver.
The tengu reaver is moderately wounded.
You hear a shout!
You block the vault guard's attack.
The tengu reaver attacks as you move away!
The tengu reaver misses you.
The tengu reaver pecks you but does no damage.
You block the tengu reaver's attack.
You hear a shout!
The tengu reaver gestures at you while chanting.
The bolt of lightning hits you!!
* * * LOW HITPOINT WARNING * * *
You hear a shout!
You see here a +0 leather armour.
Unknown command.
Okay, then.
Aiming: Upheaval
Press: ? - help, Dir - move target, f/p - tengu reaver
Aim: a tengu reaver, wielding a +0 long sword, wearing a +0 ring mail, wearing a +0 buckler and wearing an amulet of guardian spirit (moderately wounded) That beam is likely to hit you.
Continue anyway?
Okay, then.
Unknown command.
Okay, then.
Okay, then.
Press: ? - help, v - describe, . - travel
Here: a tengu reaver, wielding a +0 long sword, wearing a +0 ring mail, wearing a +0 buckler and wearing an amulet of guardian spirit (moderately wounded)
The floor, spattered with blood.
Aiming: Fastroot
Press: ? - help, Shift-Dir - straight line, f/p - tengu reaver
Aim: a tengu reaver, wielding a +0 long sword, wearing a +0 ring mail, wearing a +0 buckler and wearing an amulet of guardian spirit (moderately wounded)
The roots erupt in riotous growth!
Roots grab the tengu reaver.
The grasping roots constrict the tengu reaver!
The tengu reaver points at you and mumbles some strange words.
The bolt of acid hits you!!!
You die...

.. .. . .. . . ## #. .#
#.# #.#.# #[##
#######.#########.#.#
.#.#e#)#.#.#.#.#.#Q#
#.#.#)#)#.#.#.#)#)#
.#.#.#.#.#.#.#.#@#pp...#
###################p...#
....# .?.# # ####


You could see a tengu reaver (rooted).

Vanquished Creatures
  Boris (Vaults:2)
  the Lernaean hydra (Swamp:4)
  Nikola (Elf:3)
  A profane servitor (Elf:3)
  A hellephant (Abyss:2)
  Jorgrun (D:14)
  A tentacled monstrosity (Vaults:5)
  Rupert (Lair:5)
  A titan (Vaults:5)
  2 deep elf master archers (Elf:3)
  A lich (Vaults:5)
  2 deep elf blademasters (Elf:3)
  2 tentacled starspawn (Abyss:2)
  3 sphinxes
  Kirke (D:15)
  A shadow dragon (Vaults:5)
  3 tengu reavers
  A fenstrider witch (Swamp:4)
  An iron dragon (Vaults:5)
  7 deep elf sorcerers
  10 emperor scorpions
  2 frost giants
  4 ghost moths
  A cacodemon (Abyss:2)
  Louise (Spider:1)
  3 orc warlords
  2 deep elf elementalists (Elf:3)
  13 ironbound preservers
  17 vault wardens
  3 stone giants
  12 very ugly things
  A broodmother (Spider:3)
  8 ironbound thunderhulks
  5 entropy weavers
  3 eleionomae
  Nessos (D:15)
  6 deep elf demonologists (Elf:3)
  A vampire knight (Vaults:3)
  7 deep elf annihilators
  3 dire elephants (Vaults:3)
  Azrael (Orc:2)
  A spark wasp (Spider:3)
  6 bunyips
  An eidolon (Vaults:3)
  5 deep elf death magi
  Snorg (D:11)
  5 ettins (Vaults:5)
  4 deep elf high priests
  16 yaktaur captains
  14 vault guards
  7 great orbs of eyes
  2 ghost crabs
  2 rakshasas (Abyss:2)
  4 boulder beetles
  5 ironbound frosthearts
  A peacekeeper (Vaults:1)
  26 hydras
  3 jorogumos
  2 two-headed ogres
  A radroach (Spider:1)
  A catoblepas (Lair:4)
  24 centaur warriors
  A death scarab (Spider:4)
  8 alligators
  9 death yaks
  2 thrashing horrors (Abyss:2)
  A deep troll earth mage (Vaults:5)
  18 dancing weapons
  A tengu warrior (D:15)
  Nergalle (D:11)
  An orc high priest (Orc:2)
  Sonja (Lair:2)
  8 deep elf knights
  6 skeletal warriors
  2 wretched stars (Abyss:2)
  A sixfirhy (Lair:5)
  A sun moth (Spider:1)
  7 goliath frogs
  7 pharaoh ants
  4 large abominations (Abyss:2)
  A spatial maelstrom (Abyss:2)
  The ghost of Arex the Ruffian, a novice VSFE of Hepliaklqana (D:9)
  2 spriggan druids
  7 steelbarb worms
  10 lindwurms
  2 glowing orange brains
  11 deep trolls
  14 bog bodies
  3 harpies (Vaults:1)
  9 swamp dragons
  13 deep elf archers
  5 wizards
  12 orc knights
  5 orb spiders
  17 ironbound convokers
  22 deep elf zephyrmancers
  2 phantasmal warriors
  3 necromancers
  2 manticores (D:14)
  A mana viper (Abyss:2)
  36 ugly things
  24 deep elf pyromancers
  An oklob plant (Lair:5)
  17 wolf spiders
  8 cyclopes
  A moth of wrath (Spider:2)
  5 will-o-the-wisps
  19 vault sentinels
  2 worldbinders (Abyss:2)
  5 elephants (Lair:5)
  8 orc sorcerers
  3 smoke demons
  6 black mambas
  6 orange demons
  Maggie (D:6)
  9 cane toads
  2 torpor snails
  3 gargoyles
  7 rime drakes
  10 demonic crawlers
  A yaktaur (shapeshifter) (D:15)
  An unseen horror (D:10)
  45 yaktaurs
  9 komodo dragons
  A bunyip simulacrum (Abyss:2)
  A hellwing (Lair:5)
  8 trolls
  2 bloated husks
  22 tarantellas
  3 meliai (Spider:1)
  4 polar bears
  2 red devils (Lair:5)
  3 ancient zymes (Abyss:2)
  10 tyrant leeches
  A merfolk (shapeshifter) (Vaults:5)
  4 hornets (Swamp:4)
  19 dream sheep (Lair:5)
  A harpy skeleton (Abyss:2)
  24 blink frogs
  2 human simulacra (Vaults:1)
  23 slime creatures
  3 raiju (Abyss:2)
  23 culicivoras
  3 air elementals
  4 shadows
  6 spriggans (Swamp:4)
  29 jumping spiders
  A vampire (Bailey)
  4 water elementals
  4 wyverns
  2 fire bats (Abyss:2)
  4 wraiths
  2 ynoxinuls (Abyss:2)
  8 basilisks
  56 yaks
  5 hogs (D:15)
  59 redbacks
  A neqoxec (Abyss:2)
  A chaos spawn (Abyss:2)
  5 fire elementals
  An elf simulacrum (Vaults:1)
  Menkaure (D:7)
  28 vampire mosquitoes
  A spatial vortex (Abyss:2)
  3 acid dragons
  3 wargs
  12 swamp worms
  5 hell hounds
  17 water moccasins
  6 black bears
  A human zombie (Vaults:1)
  8 swamp drakes
  39 orc warriors
  5 wolves (Lair:3)
  13 ogres
  15 centaurs
  8 boggarts
  A phantom (D:7)
  5 kobold brigands
  A gnoll sergeant (D:9)
  12 bullfrogs
  3 necrophages
  2 earth elementals
  2 scorpions
  10 wights
  12 killer bees
  7 vampire bats (Bailey)
  4 electric eels
  4 howler monkeys
  6 wolf zombies (Bailey)
  A gnoll bouda (D:9)
  13 orc priests
  4 jellies
  A quasit (Abyss:2)
  4 hounds
  15 orc wizards
  Natasha (thrice) (D:3)
  3 iguanas
  5 small abominations (Abyss:2)
  Terence (D:3)
  11 gnolls
  2 adders
  4 shadow imps
  4 ufetubi
  A worm (D:3)
  4 dart slugs
  68 orcs
  4 ball pythons
  13 endoplasms
  3 giant cockroaches
  9 goblins
  9 hobgoblins
  8 jackals
  27 kobolds
  7 quokkas
  4 bats
  6 frilled lizards
  21 orc zombies (Bailey)
  7 rats
1565 creatures vanquished.

Vanquished Creatures (collateral kills)
  A war gargoyle (Vaults:5)
  A very ugly thing (Vaults:1)
  A vault guard (Vaults:5)
  A radroach (Spider:3)
  A death knight (D:14)
  A deep troll earth mage (Vaults:1)
  A dancing weapon (Elf:2)
  An orb spider (Spider:4)
  A steelbarb worm (Spider:3)
  A lindwurm (Vaults:1)
  A necromancer (Vaults:5)
  3 ugly things
  An elephant (Lair:5)
  A yaktaur (Vaults:5)
  A tarantella (Spider:4)
  2 slime creatures (Vaults:1)
  A redback (Spider:3)
  2 centaurs (D:13)
22 creatures vanquished.

Vanquished Creatures (others)
  A deep elf zephyrmancer (Elf:3)
  A bloated husk (Swamp:4)
  A water elemental (Elf:3)
  An orc (Orc:2)
  2 bushes
  25 foxfires
  58 fungi
  51 plants
  2 starspawn tentacles (Abyss:2)
142 creatures vanquished.

Grand Total: 1729 creatures vanquished

Notes
Turn   | Place    | Note
-------+----------+-------------------------------------------
     0 | D:1      | Zonian the Demonspawn Gladiator began the quest for the
                  | Orb.
     0 | D:1      | Reached XP level 1. HP: 16/16 MP: 1/1
   172 | D:1      | Discovered your monstrous ancestry.
   172 | D:1      | Gained mutation: Your touch may inflict minor irresistible
                  | damage on your foes. [demonic ancestry]
   172 | D:1      | Reached XP level 2. HP: 20/22 MP: 2/2
   739 | D:1      | Gained mutation: You have a pair of small horns on your
                  | head. [demonic ancestry]
   739 | D:1      | Reached XP level 3. HP: 28/28 MP: 3/3
  1010 | D:2      | Found a faded altar of an unknown god.
  1713 | D:3      | Gained mutation: You have a small tail. [demonic ancestry]
  1713 | D:3      | Reached XP level 4. HP: 34/34 MP: 4/4
  1839 | D:3      | Noticed Terence
  1873 | D:3      | Killed Terence
  1874 | D:3      | Reached skill level 3 in Fighting
  2263 | D:3      | Noticed Natasha
  2272 | D:3      | Killed Natasha
  2273 | D:3      | Reached XP level 5. HP: 38/41 MP: 5/5
  2531 | D:3      | Noticed Natasha
  2539 | D:3      | Killed Natasha
  2556 | D:3      | Found a runed translucent door.
  2557 | D:3      | Noticed Crazy Yiuf
  2640 | D:3      | Noticed Natasha
  2652 | D:3      | Killed Natasha
  3258 | D:4      | Gained mutation: You have a tail ending in a sharp stinger.
                  | [demonic ancestry]
  3258 | D:4      | Reached XP level 6. HP: 28/48 MP: 6/6
  3913 | D:4      | Reached skill level 4 in Fighting
  4384 | D:5      | Entered Level 5 of the Dungeon
  4446 | D:5      | Gained mutation: You regenerate magic rapidly. [demonic
                  | ancestry]
  4446 | D:5      | Reached XP level 7. HP: 54/54 MP: 7/7
  5292 | D:6      | Reached skill level 5 in Fighting
  5297 | D:6      | Reached skill level 5 in Polearms
  5400 | D:6      | Reached skill level 5 in Dodging
  5465 | D:6      | Noticed Maggie
  5466 | D:6      | Reached XP level 8. HP: 62/62 MP: 8/8
  5477 | D:6      | Killed Maggie
  5508 | D:6      | Reached skill level 6 in Fighting
  5597 | D:6      | Found a burning altar of Makhleb.
  5843 | D:6      | Found a shimmering altar of Xom.
  5851 | D:6      | Found a basalt altar of Yredelemnul.
  5852 | D:6      | Found a sacrificial altar of Ru.
  5852 | D:6      | Found a bloodstained altar of Trog.
  5852 | D:6      | Found a hide-covered altar of Uskayaw.
  5855 | D:6      | Found an ancient bone altar of Kikubaaqudgha.
  5971 | D:6      | Reached XP level 9. HP: 71/71 MP: 9/9
  6105 | D:7      | Reached skill level 7 in Fighting
  6189 | D:7      | Noticed Menkaure
  6199 | D:7      | Killed Menkaure
  6460 | D:7      | Reached skill level 8 in Fighting
  6808 | D:7      | Found a staircase to the Ecumenical Temple.
  6831 | Temple   | Entered the Ecumenical Temple
  6863 | Temple   | Became a worshipper of Qazlal Stormbringer
  7303 | D:8      | Found a broken altar of Ashenzari.
  7306 | D:8      | Noticed a cyclops
  7331 | D:8      | Reached skill level 1 in Invocations
  7538 | D:8      | Found a flagged portal.
  7700 | Bailey   | Entered a bailey
  8063 | Bailey   | Reached * piety under Qazlal
  8367 | Bailey   | Noticed a gargoyle
  8385 | Bailey   | Killed a gargoyle
  8386 | Bailey   | Gained mutation: You may rarely emit foul miasma when
                  | damaged in melee. [demonic ancestry]
  8386 | Bailey   | Reached XP level 10. HP: 72/82 MP: 13/13
  8436 | Bailey   | Reached skill level 9 in Fighting
  8446 | Bailey   | Identified the +0 pair of gloves of Kimm {*Corrode Regen+
                  | SInv Stlth+}
  8449 | Bailey   | Identified the +1 leather armour of a ziggurat {Str+3}
  8824 | D:8      | Reached skill level 5 in Invocations
  8964 | D:8      | Found Maoxt's Antique Weapon Shoppe.
  9313 | D:8      | Killed a cyclops
  9867 | D:9      | Reached ** piety under Qazlal
 10565 | D:9      | Found a staircase to the Orcish Mines.
 10747 | D:9      | Found the dreamshard necklace {*Dream Drain}
 10967 | D:9      | Found a runed translucent gate.
 10968 | D:9      | Found a runed translucent gate.
 10968 | D:9      | Found a runed translucent gate.
 10975 | D:9      | Noticed Arex's ghost (novice VSFE)
 11211 | D:10     | Entered Level 10 of the Dungeon
 11280 | D:10     | Reached skill level 10 in Fighting
 11335 | D:10     | Found a hazy altar of Hepliaklqana.
 11336 | D:10     | Found an ornate altar of the Wu Jian Council.
 11429 | D:10     | Found a staircase to the Lair.
 11439 | D:10     | Gained mutation: You have a pair of horns on your head.
                  | [demonic ancestry]
 11439 | D:10     | Reached XP level 11. HP: 83/92 MP: 15/17
 11813 | D:10     | Reached skill level 10 in Polearms
 11869 | D:10     | Reached *** piety under Qazlal
 11874 | D:10     | Reached skill level 11 in Fighting
 12400 | D:10     | Noticed a two-headed ogre
 12408 | D:10     | Killed a two-headed ogre
 12514 | Lair:1   | Entered Level 1 of the Lair of Beasts
 12518 | Lair:1   | Noticed a four-headed hydra
 12526 | Lair:1   | Killed a four-headed hydra
 12835 | Lair:1   | Reached skill level 12 in Fighting
 13319 | Lair:1   | Identified the +1 robe of the Eternal Void {Stlth+}
 13404 | Lair:2   | Noticed a five-headed hydra
 13418 | Lair:2   | Killed a five-headed hydra
 13441 | Lair:2   | Gained mutation: Your touch may inflict irresistible damage
                  | on your foes. [demonic ancestry]
 13441 | Lair:2   | Reached XP level 12. HP: 98/103 MP: 18/18
 13745 | Lair:2   | Found a hole to the Spider Nest.
 13791 | Lair:2   | Noticed Sonja
 13804 | Lair:2   | Killed Sonja
 13899 | Lair:2   | Reached skill level 13 in Fighting
 14273 | Lair:2   | You fall into a shaft and drop 1 floor!
 14593 | Lair:3   | Reached **** piety under Qazlal
 15038 | Lair:3   | Noticed a death yak
 15038 | Lair:3   | Noticed a death yak
 15039 | Lair:3   | Noticed a death yak
 15039 | Lair:3   | Noticed a death yak
 15223 | Lair:3   | Killed a death yak
 15224 | Lair:3   | Killed a death yak
 15228 | Lair:3   | Killed a death yak
 15232 | Lair:3   | Killed a death yak
 15358 | Lair:3   | Found a staircase to the Swamp.
 15484 | Lair:3   | Gained mutation: You sometimes emit foul miasma when
                  | damaged in melee. [demonic ancestry]
 15484 | Lair:3   | Reached XP level 13. HP: 111/112 MP: 19/19
 15964 | Lair:4   | Reached skill level 10 in Invocations
 16246 | Lair:4   | Found a transporter.
 16251 | Lair:4   | Noticed Tollund's ghost (journeyman PaFi)
 16251 | Lair:4   | Found a bloodstained altar of Trog.
 16286 | Lair:4   | Found a transporter.
 16515 | Lair:5   | Entered Level 5 of the Lair of Beasts
 16545 | Lair:5   | Noticed Rupert
 16546 | Lair:5   | Paralysed by Rupert for 3 turns
 17162 | D:11     | Reached skill level 1 in Spellcasting
 17165 | D:11     | Noticed Snorg
 17168 | D:11     | Noticed Nergalle
 17177 | D:11     | Killed Snorg
 17184 | D:11     | Killed Nergalle
 17457 | D:11     | Found a portal to a secret trove of treasure.
 17725 | D:12     | Identified the +6 short sword "Qoucsyal" {drain, Dex+4
                  | Stlth+}
 17889 | D:12     | Reached skill level 5 in Spellcasting
 18325 | D:12     | Learned a level 2 spell: Searing Ray
 18467 | D:13     | Reached skill level 1 in Conjurations
 18864 | D:13     | Gained mutation: You have a pair of large horns on your
                  | head. [demonic ancestry]
 18864 | D:13     | Reached XP level 14. HP: 111/119 MP: 22/24
 18919 | D:13     | Found a gate to the Vaults.
 19075 | D:14     | Reached skill level 1 in Evocations
 19133 | D:14     | Noticed Jorgrun
 19142 | D:14     | Killed Jorgrun
 19150 | D:14     | HP: 4/119 [death knight/+4 morningstar (26)]
 19932 | D:14     | Reached ***** piety under Qazlal
 20415 | D:14     | Found Sozyf's Book Emporium.
 20567 | D:14     | Reached skill level 5 in Evocations
 20735 | D:15     | Entered Level 15 of the Dungeon
 20746 | D:15     | Noticed a stone giant
 20902 | D:15     | Killed a stone giant
 20938 | D:15     | Found a staircase to the Depths.
 20966 | D:15     | Noticed Nessos
 20972 | D:15     | Killed Nessos
 21039 | D:15     | Got the Guide on Fetid Hypothermia
 21127 | D:15     | Noticed Roxanne
 21223 | D:15     | Noticed Kirke
 21265 | D:15     | Killed Kirke
 21282 | D:15     | Reached skill level 15 in Invocations
 22071 | Orc:1    | Entered Level 1 of the Orcish Mines
 22087 | D:9      | Gained mutation: When hurt, damage is shared between your
                  | health and your magic reserves. [demonic ancestry]
 22087 | D:9      | Reached XP level 15. HP: 45/125 MP: 3/27
 22883 | Orc:2    | Entered Level 2 of the Orcish Mines
 22974 | Orc:2    | Reached skill level 14 in Fighting
 22995 | Orc:2    | Paralysed by an orc sorcerer for 3 turns
 23010 | Orc:2    | Found Coihywuck's General Store.
 23019 | Orc:2    | Bought a scroll of fear for 64 gold pieces
 23019 | Orc:2    | Bought a scroll of teleportation for 48 gold pieces
 23019 | Orc:2    | Bought 2 potions of curing for 96 gold pieces
 23068 | Orc:2    | Noticed an orc warlord
 23101 | Orc:2    | Reached skill level 1 in Ranged Weapons
 23307 | Orc:2    | Found Kaixac's Antique Armour Boutique.
 23315 | Orc:2    | Bought a crude robe for 193 gold pieces
 23315 | Orc:2    | Identified the +1 robe "Itabops" {rF++ rC+} (You bought it
                  | in a shop on level 2 of the Orcish Mines)
 23315 | Orc:2    | Bought an ichor-stained leather armour for 238 gold pieces
 23315 | Orc:2    | Identified the +2 leather armour of Makhleb's Castigation
                  | {rC+ Will+ Dex+3 SInv} (You bought it in a shop on level 2
                  | of the Orcish Mines)
 23365 | Orc:2    | Killed an orc warlord
 23538 | Orc:2    | Noticed Azrael
 24015 | Orc:2    | Killed Azrael
 24023 | Orc:2    | Noticed an orc warlord
 24349 | Orc:1    | Killed an orc warlord
 24428 | Orc:2    | Paralysed by an orc sorcerer for 2 turns
 24552 | Orc:2    | Found Nivic's Jewellery Shop.
 24585 | Orc:2    | Found Kuep's Antique Weapon Shoppe.
 24719 | Orc:2    | Found a staircase to the Elven Halls.
 25282 | Spider:1 | Entered Level 1 of the Spider Nest
 25380 | D:8      | Bought a twisted dire flail for 225 gold pieces
 25380 | D:8      | Identified the +6 dire flail "Ybeeghut" {vorpal, rElec
                  | rPois rF- Str-2 Dex+10} (You bought it in a shop on level 8
                  | of the Dungeon)
 25381 | D:8      | Bought a fine dagger for 175 gold pieces
 25381 | D:8      | Identified the +6 dagger of the Stork {vorpal, rN+ MP+9
                  | Dex+3} (You bought it in a shop on level 8 of the Dungeon)
 25381 | D:8      | Bought a glowing broad axe for 175 gold pieces
 25381 | D:8      | Bought a runed short sword for 150 gold pieces
 25897 | Spider:1 | Reached skill level 15 in Fighting
 25967 | Spider:1 | Reached skill level 5 in Ranged Weapons
 26590 | Spider:1 | Identified the +1 chain mail of Circular Logic {rElec Str+2
                  | SInv Stlth-}
 26601 | Spider:1 | Noticed Louise
 26611 | Spider:1 | Killed Louise
 26611 | Spider:1 | Noticed an emperor scorpion
 26619 | Spider:1 | Killed an emperor scorpion
 27928 | Spider:2 | Reached ****** piety under Qazlal
 28213 | Spider:2 | Gained mutation: You have a sharp stinger which inflicts
                  | weakening toxins. [demonic ancestry]
 28213 | Spider:2 | Reached XP level 16. HP: 136/136 MP: 28/28
 28985 | Spider:3 | Reached skill level 10 in Ranged Weapons
 30121 | Spider:3 | Paralysed by a jorogumo for 2 turns
 30923 | Spider:4 | Entered Level 4 of the Spider Nest
 33264 | Spider:4 | Identified the +0 kite shield "Vooq" {rC+ Will+ Str-5
                  | Slay+2}
 34821 | Spider:4 | Got a gossamer rune of Zot
 35419 | Swamp:1  | Entered Level 1 of the Swamp
 35832 | Swamp:1  | Gained mutation: Your touch may irresistibly damage your
                  | foes and sap their willpower. [demonic ancestry]
 35832 | Swamp:1  | Reached XP level 17. HP: 125/142 MP: 26/29
 36599 | Swamp:2  | Reached skill level 16 in Fighting
 38183 | Swamp:4  | Entered Level 4 of the Swamp
 38471 | Swamp:4  | Reached skill level 17 in Fighting
 38497 | Swamp:4  | HP: 8/220 [bog body/bolt of cold (18)]
 38541 | Swamp:4  | HP: 7/148 [will-o-the-wisp (7)]
 39008 | Swamp:4  | Reached skill level 18 in Fighting
 39113 | Swamp:4  | Got Itib's Parchment of the Flaming Mountains
 39397 | Swamp:4  | Identified the +4 scale mail of Uskayaw, Blushing {rF+
                  | Str-2 Slay+3}
 39416 | Swamp:4  | Noticed the 27-headed Lernaean hydra
 39477 | Swamp:4  | Found a runed translucent gate.
 39478 | Swamp:4  | Found a runed translucent gate.
 39478 | Swamp:4  | Found a runed translucent gate.
 39478 | Swamp:4  | Noticed a tentacled monstrosity
 39480 | Swamp:4  | Noticed Zatibaps's ghost (journeyman FeVM)
 40110 | Lair:5   | Gained mutation: Your hexes are more powerful. [demonic
                  | ancestry]
 40110 | Lair:5   | Reached XP level 18. HP: 159/159 MP: 30/30
 40125 | Lair:5   | Reached skill level 19 in Fighting
 40707 | Lair:5   | Killed Rupert
 40841 | Lair:5   | Reached skill level 1 in Shields
 40851 | Lair:5   | Found a staircase to the Slime Pits.
 41118 | Lair:5   | Found a burning altar of Makhleb.
 41180 | Lair:5   | Found a gateway to Hell.
 41822 | D:9      | Killed Arex's ghost
 42612 | Swamp:4  | Killed the 27-headed Lernaean hydra
 42624 | Swamp:4  | Got a decaying rune of Zot
 43169 | Vaults:1 | Entered Level 1 of the Vaults
 43268 | Vaults:1 | Reached skill level 20 in Fighting
 43268 | Vaults:1 | Reached skill level 5 in Shields
 43520 | Vaults:1 | Found Odypnit's General Store.
 43528 | Vaults:1 | Bought a scroll of fear for 64 gold pieces
 43528 | Vaults:1 | Bought a scroll of enchant weapon for 120 gold pieces
 46106 | Vaults:1 | Reached skill level 5 in Throwing
 46762 | Vaults:1 | Reached XP level 19. HP: 56/169 MP: 9/31
 47844 | Elf:1    | Entered Level 1 of the Elven Halls
 48463 | Elf:1    | Identified the +7 lajatang of Zythrutoh {flame, rElec rPois
                  | rC-}
 48465 | Elf:1    | Paralysed by an air elemental for 1 turns
 48471 | Elf:1    | Paralysed by an air elemental for 1 turns
 49426 | Elf:1    | Found Xodiahub's Weapon Shoppe.
 49437 | Elf:1    | Bought the +3 greatsling "Punk" {acid, rCorr} for 500 gold
                  | pieces
 49437 | Elf:1    | Found the +3 greatsling "Punk" {acid, rCorr}
 50122 | Elf:2    | Found a frozen archway.
 50163 | Elf:2    | Reached skill level 1 in Armour
 50581 | Elf:2    | Found a runed translucent gate.
 50582 | Elf:2    | Found a runed translucent gate.
 50582 | Elf:2    | Found a runed translucent gate.
 50719 | Elf:2    | Found Tauk's Jewellery Shoppe.
 50729 | Elf:2    | Bought the ring "Ypeb" {rN+ Str+6 Int-3 Slay+3} for 550
                  | gold pieces
 51103 | D:14     | Bought a book of Decay for 544 gold pieces
 51108 | D:14     | Learned a level 4 spell: Dispel Undead
 51361 | Elf:3    | Entered Level 3 of the Elven Halls
 51525 | Elf:3    | Found Zaowk's Assorted Antiques.
 51526 | Elf:3    | Noticed Nikola
 51537 | Elf:3    | Killed Nikola
 51538 | Elf:3    | Reached skill level 1 in Necromancy
 51591 | Elf:3    | Bought a scroll of enchant weapon for 225 gold pieces
 51596 | Elf:3    | Bought an onyx ring for 150 gold pieces
 52084 | Abyss:2  | Cast into level 2 of the Abyss (a deep elf demonologist)
 52407 | Abyss:2  | Gained mutation: You sometimes lose your temper in combat.
                  | [a cacodemon]
 52429 | Abyss:2  | Found a hazy altar of Hepliaklqana.
 52513 | Abyss:2  | Noticed a hellephant
 52538 | Abyss:2  | Killed a hellephant
 52593 | Abyss:2  | Noticed a profane servitor
 52612 | Elf:3    | Escaped the Abyss
 52614 | Elf:3    | Reached skill level 5 in Armour
 52945 | Elf:3    | Killed a profane servitor
 53429 | Elf:3    | Reached skill level 5 in Necromancy
 53732 | Elf:3    | Gained mutation: Your melee attacks may debilitate your
                  | foes. [demonic ancestry]
 53732 | Elf:3    | Reached XP level 20. HP: 149/176 MP: 26/33
 53983 | Elf:3    | Identified the +10 mace of Gaugul {vorpal, SInv Stlth+}
 54559 | Elf:3    | Got the Tractate on Molten Vitiation
 54788 | Elf:3    | Found the +3 giant club "Skullcrusher" {speed, Str+7}
 54799 | Elf:3    | Got the Volume of Sandy Transmigration
 55653 | Vaults:2 | You fall into a shaft and drop 1 floor!
 55653 | Vaults:3 | Found Ronior's Antique Weapon Boutique.
 55692 | Vaults:3 | Found Vicod's Antique Armour Shoppe.
 56515 | Vaults:3 | Found Dashob's Weapon Shop.
 56782 | Vaults:3 | Found Okhliett's Antique Armour Boutique.
 57075 | Vaults:2 | Reached skill level 10 in Dodging
 57995 | Vaults:2 | Noticed Boris
 58007 | Vaults:2 | Killed Boris
 59120 | Vaults:3 | Reached skill level 21 in Fighting
 59482 | Vaults:3 | Reached XP level 21. HP: 186/186 MP: 30/34
 59799 | Vaults:3 | Found a staircase to the Crypt.
 61733 | Vaults:4 | Reached skill level 10 in Necromancy
 61886 | Vaults:4 | Identified the +0 ring mail "Uxufuva" {rF- Str+6}
 62342 | Vaults:4 | Found Gish's General Store.
 62447 | Vaults:4 | Upgraded the game from 0.29.0-11-gd7f09526c8 to
                  | 0.29.0-13-gc9e81de378
 62540 | Vaults:5 | Entered Level 5 of the Vaults
 62586 | Vaults:5 | Noticed Boris
 62734 | Vaults:5 | HP: 7/186 [vault warden/+1 broad axe of flaming (13)]
 62743 | Vaults:5 | HP: 3/186 [vault warden/+2 long sword of draining (14)]
 62743 | Vaults:5 | HP: 1/183 [vault warden/+2 long sword of draining (2)]
 62866 | Vaults:5 | Killed from afar by a tengu reaver

Illustrated notes

Levels and vault maps discovered:
D:1:      dpeg_arrival_connections, layout_basic, serial_glass, glass_columns_a,
          glass_columns_c, item_on_display_a, minmay_strange_pillars,
          feat_on_display, minmay_strange_pillars
D:2:      layout_loops_ring, ebering_ecumenical_altar_webs, basic_altar,
          uniq_robin
D:3:      layout_rooms, uniq_natasha, uniq_terence, uniq_crazy_yiuf_cottage
D:4:      layout_basic
D:5:      layout_basic
D:6:      layout_loops_ring, minitemple, mainiacjoe_overflow_tiny_flanked,
          chequers_serial_rivers_small_3, kennysheep_diamond, uniq_maggie
D:7:      layout_basic, minmay_temple_entry_stoned_glass, minmay_checkerbox,
          uniq_menkaure
D:8:      layout_basic, ashenzari_altar_1, serial_shops, shop_fountains,
          enter_bailey_8
D:9:      layout_irregular_city, orc_0_dummy, gammafunk_ghost_spectres
D:10:     layout_irregular_city, chequers_temple_overflow_statue_of_worship,
          minmay_lair_entry_grove
D:11:     layout_cross, enter_trove_0, uniq_snorg, uniq_nergalle
D:12:     layout_loops_ring
D:13:     layout_rooms, david_vaults_2
D:14:     layout_gridville, serial_shops, shop, minivault_14, uniq_jorgrun
D:15:     grunt_enter_depths_giant_problem, layout_loops_ring,
          minmay_misc_feat_four_crosses, uniq_kirke, uniq_nessos, uniq_roxanne
Temple:   minmay_freezing_vapour_temple
Lair:1:   layout_chaotic_city, lemuel_fruit_tree
Lair:2:   layout_cave_pods, spider_nest_entry_webs, serial_forest,
          infiniplex_forest_lined_room_2, infiniplex_forest_lined_room_2,
          infiniplex_forest_straight_4, infiniplex_forest_end_2,
          infiniplex_forest_straight_3, infiniplex_forest_straight_1, uniq_sonja
Lair:3:   layout_gridlike, swamp_mist_pool, grunt_forest_stairs_basic,
          minivault_26, serial_bayou_shore_a
Lair:4:   layout_hall_layers, gammafunk_ghost_wrathful_warriors,
          infiniplex_staircase_pool_2
Lair:5:   evil_forest, layout_misc_corridors, nicolae_slime_entry_slimehenge,
          grunt_megastairs_2, serial_bayou_shore_b, uniq_rupert
Swamp:1:  layout_basic_swamp, evilmike_swamp_ruin_house_1
Swamp:2:  layout_basic_swamp, evilmike_swamp_ruin_house_4,
          infiniplex_staircase_pool
Swamp:3:  layout_basic_swamp, evilmike_swamp_ruin_wall, swamp_pool2
Swamp:4:  grunt_swamp_rune_castle, layout_basic_swamp, gammafunk_ghost_split
Spider:1: layout_cave_pods, uniq_louise
Spider:2: layout_spider_delve
Spider:3: layout_spider_delve, nicolae_spider_webbed_stairs
Spider:4: grunt_spider_rune_circles
Orc:1:    layout_diamond_mine
Orc:2:    grunt_orc_gardens, layout_diamond_mine, grunt_orc_garden,
          grunt_orc_garden, grunt_orc_garden, grunt_orc_garden,
          hellmonk_bongcloud_opening, uniq_azrael
Elf:1:    nicolae_elf_arrival_fired_up, layout_geoelf_octagon, serial_shops,
          shop, hangedman_corner_corridor, kb_rosetta
Elf:2:    nicolae_elf_blades_crystal_corner, layout_loops_corners,
          portal_ice_cave_entry_ugly_swarm, serial_shops, shop, uniq_saint_roka
Elf:3:    elf_hall_gauntlet_wide, layout_geoelf_octagon, serial_shops, shop,
          uniq_nikola
Vaults:1: st_quartered_hall, nicolae_vaults_what_the_h, v_misc_10,
          nicolae_vaults_alarming, grunt_vaults_twisty,
          vaults_room_mumra_shop_pool, hangedman_vaults_nails, v_alt_pattern_5,
          vaults_dpeg_cross, hangedman_vaults_impose, vaults_mumra_chevron_long,
          ontoclasm_vaults_fault, ontoclasm_vaults_idyll, vaults_room_hallway,
          layout_vaults_maze
Vaults:2: nicolae_vaults_little_squares_1, nicolae_vaults_border_crossing,
          v_misc_10, hangedman_vaults_corner, v_misc_8,
          nicolae_vaults_gold_heap, vaults_mumra_hexcomb, v_misc_23,
          vaults_mumra_minichess, vaults_dpeg_encased_lava,
          layout_vaults_quadrants, uniq_boris
Vaults:3: nicolae_vaults_hallways_thing, vaults_room_semicircle,
          vaults_room_pool, nicolae_vaults_network_square,
          minmay_crypt_entry_simple_walls, v_misc_16,
          vaults_mumra_minichess_inversion, vaults_dpeg_doors,
          nicolae_vaults_yaktaur_gun_rack, v_misc_17,
          nicolae_vaults_network_quinsquares
          [nicolae_vaults_network_quincunx_subvault,
          nicolae_vaults_network_quincunx_subvault,
          nicolae_vaults_network_quincunx_subvault,
          nicolae_vaults_network_quincunx_subvault], vaults_room_pool,
          nicolae_vaults_mini_display_case, layout_vaults_ring, serial_shops,
          nicolae_shop_waterfront, nicolae_lakefront_shop,
          nicolae_shop_bloodbath_and_beyond, shop_fountains, uniq_margery
Vaults:4: v_rooms_2, v_alt_pattern_1, v_misc_14, nicolae_vaults_three_branches,
          nicolae_vaults_fighting_squares, v_rooms_5, hangedman_vaults_impose,
          vaults_mumra_lcd, grunt_vaults_swirl, vaults_room_pool,
          layout_vaults_omnibox, serial_shops, shop
Vaults:5

Skill      XL: |  1  2  3  4  5  6  7  8  9 10 11 12 13 14 15 16 17 18 19 20 21 |
---------------+----------------------------------------------------------------+-----
Throwing       | 2 3 4 6 7 |  7.8
Polearms       | 3 4 5 6 8 9 11 14 | 14.0
Dodging        | 3 4 5 6 8 11 12 | 12.0
Fighting       | 3 4 5 6 8 10 12 13 15 18 20 21 | 21.1
Invocations    | 4 8 12 15 16 18 19 | 19.4
Spellcasting   | 7 8 |  8.0
Conjurations   | 3 4 |  4.0
Evocations     | 7 8 |  8.0
Ranged Weapons | 9 14 | 14.0
Shields        | 6 |  6.0
Armour         | 5 6 |  6.6
Necromancy     | 5 8 12 | 12.0

Action                   |  1- 3 |  4- 6 |  7- 9 | 10-12 | 13-15 | 16-18 | 19-21 || total
-------------------------+-------+-------+-------+-------+-------+-------+-------++-------
Melee: Trident           |   104 |    85 |   242 |   548 |   939 |       |    25 ||  1943
       Touch             |     7 |     7 |    28 |    79 |   186 |   118 |       ||   425
       Headbutt          |     6 |    13 |    33 |   120 |   224 |   285 |   282 ||   963
       Tailslap          |       |     7 |    26 |    76 |   187 |   204 |   222 ||   722
       Punch             |       |       |     2 |     7 |    15 |    10 |       ||    34
       Demon trident     |       |       |       |       |   111 |  1035 |  1039 ||  2185
 Fire: Sling             |    20 |    28 |    68 |       |    50 |   521 |       ||   687
       Greatsling        |       |       |       |       |       |       |   703 ||   703
Throw: Throwing net      |       |     2 |       |     2 |     4 |     4 |       ||    12
       Dart              |       |       |    30 |    22 |    33 |     3 |     4 ||    92
       Javelin           |       |       |       |       |       |     2 |       ||     2
 Cast: Searing Ray       |       |       |       |       |       |       |     1 ||     1
       Dispel Undead     |       |       |       |       |       |       |     7 ||     7
Invok: Upheaval          |       |       |       |     2 |     8 |    10 |    16 ||    36
       Elemental Force   |       |       |       |       |     2 |     5 |     1 ||     8
       Disaster Area     |       |       |       |       |     2 |     8 |     1 ||    11
Evoke: Wand              |       |       |       |     6 |    18 |    34 |    34 ||    92
       Lightning rod     |       |       |       |       |       |    15 |     9 ||    24
       Phantom mirror    |       |       |       |       |       |       |     1 ||     1
       Condenser vane    |       |       |       |       |       |       |     1 ||     1
  Use: Scroll            |     4 |     3 |     3 |    18 |    13 |    19 |    12 ||    72
       Potion            |       |       |     1 |     4 |     9 |    20 |    16 ||    50
 Stab: Sleeping          |     2 |     1 |     1 |     1 |       |       |       ||     5
       Distracted        |     1 |       |       |       |       |       |       ||     1
       Held in net/web   |       |       |       |       |     3 |     1 |       ||     4
       Paralysed         |       |       |       |       |       |     1 |       ||     1
       Invisible         |       |       |       |       |       |       |     4 ||     4
       Confused          |       |       |       |       |       |       |     1 ||     1
Armor: Leather armour    |    27 |    21 |    50 |   100 |    73 |   359 |   161 ||   791
       Robe              |       |       |    39 |     4 |    86 |       |       ||   129
       Skin              |       |       |       |       |       |    13 |       ||    13
Dodge: Dodged            |    38 |    38 |   209 |   184 |   424 |   541 |   369 ||  1803
       Repelled          |       |       |       |     1 |     6 |    14 |    19 ||    40
Block: Other             |       |       |     1 |    48 |   167 |   221 |       ||   437
       Buckler           |       |       |       |       |       |   154 |   480 ||   634
